 Dungeon Sprint DCSS version 0.24.0-13-gcf9b3192b9 (webtiles) character file.

Game seed: 9102407431507295880, levelgen mode: deterministic

2783 Arum the Fighter (level 9, -18/98 HPs)
             Began as a Naga Fighter on Nov 6, 2019.
             Was a High Priest of Qazlal.
             Demolished by Yfuroem the pandemonium lord (47 damage)
             ... in the Dungeon (Sprint V: "Ziggurat Sprint").
             The game lasted 00:04:03 (460 turns).

Arum the Fighter (Naga Fighter)                      Turns: 460, Time: 00:04:03

Health: -18/98     AC: 18    Str: 26    XL:     9   Next: 70%
Magic:  18/18      EV: -1    Int:  9    God:    Qazlal [*****.]
Gold:   0          SH: 38    Dex: 18    Spells: 8/8 levels left

rFire    + . .     SeeInvis +   m - +6 shillelagh "Devastator" {shatter}
rCold    + + +     Gourm    .   G - +18 shield of the Gong {rElec rN+ MR+ EV-5}
rNeg     + + .     Faith    .   a - +5 gold dragon scales
rPois    +         Spirit   .   (no helmet)
rElec    +         Reflect  .   (no cloak)
rCorr    .         Harm     .   (no gloves)
MR       ++...     NoTele   +   (no barding)
Stlth    ..........             N - amulet "Woen Kuk" {*Slow rC+++ rN+ Regen+ MP+9}
HPRegen  0.66/turn              D - +6 ring of strength
MPRegen  0.16/turn              z - +6 ring of dexterity

@: protected from physical damage, corroded, repel missiles, very slow
A: large, see invisible, deformed body, poison resistance, slowness 2, slow
metabolism 1, spit poison 1, AC +3
a: Spit Poison, Upheaval, Elemental Force, Disaster Area, Renounce Religion


You were in the Dungeon.
You worshipped Qazlal.
Qazlal was extremely pleased with you.
You were not hungry.

You visited 1 branch

Inventory:

Hand Weapons
 m - the +6 shillelagh "Devastator" (weapon) {shatter}
   (You found it in the Dungeon)
 F - the +10 dark maul {crush}
   (You found it in the Dungeon)

   It inflicts extra damage upon your enemies.
 H - the +7 great mace "Firestarter" {inner flame, rF++}
   (You found it in the Dungeon)

   It has been specially enchanted to burn those struck by it, causing extra
   injury to most foes and up to half again as much damage against particularly
   susceptible opponents.
   It greatly protects you from fire.
 I - the +7 mace of Variability {chain chaos}
   (You found it in the Dungeon)

   Each time it hits an enemy it has a different, random effect.
 J - a +5 demon whip
Armour
 a - +5 gold dragon scales (worn)
 G - the +18 shield of the Gong (worn) {rElec rN+ MR+ EV-5}
   (You found it in the Dungeon)

   It affects your evasion (-5).
   It insulates you from electricity.
   It protects you from negative energy.
   It affects your resistance to hostile enchantments.
Jewellery
 x - an uncursed ring of flight
 y - a +6 ring of dexterity
 z - a +6 ring of dexterity (right hand)
 A - a +6 ring of intelligence
 B - a +6 ring of intelligence
 C - a +6 ring of strength
 D - a +6 ring of strength (left hand)
 M - the ring of Conformity {Ice rPois rN+++ Str-2 Dex-4}
   (You found it in the Dungeon)

   [ring of ice]

   It enhances your ice magic.
   It affects your strength (-2).
   It affects your dexterity (-4).
   It makes you vulnerable to fire.
   It protects you from cold.
   It protects you from poison.
   It renders you almost immune to negative energy.
 N - the amulet "Woen Kuk" (around neck) {*Slow rC+++ rN+ Regen+ MP+9}
   (You found it in the Dungeon)

   [amulet of regeneration]

   It renders you almost immune to cold.
   It protects you from negative energy.
   It affects your magic capacity (+9).
   It increases your rate of regeneration.
   It may slow you when you take damage.
Wands
 u - a wand of disintegration (7)
 v - a wand of iceblast (7)
 w - a wand of acid (7)
Scrolls
 k - 4 scrolls of blinking
 o - 4 scrolls of amnesia
 p - 7 scrolls of fog
 q - a scroll of holy word
 r - 5 scrolls of identify
 s - 5 scrolls of remove curse
 t - 2 scrolls of fear
Potions
 b - 2 potions of brilliance
 c - 2 potions of invisibility
 d - 7 potions of might
 e - 10 potions of curing
 g - 14 potions of heal wounds
 h - 6 potions of haste
 i - 7 potions of magic
 j - 3 potions of berserk rage
 l - 4 potions of resistance
 n - 7 potions of agility
Miscellaneous
 E - a lightning rod (4/4)
 K - a phantom mirror
 O - a phial of floods
Comestibles
 f - 7 rations
 L - 10 chunks of flesh


   Skills:
 + Level 12.2 Fighting
 + Level 8.3 Maces & Flails
 + Level 9.3 Armour
 + Level 11.1 Shields


You had 8 spell levels left.
You didn't know any spells.
Your spell library was empty.

Dungeon Overview and Level Annotations

Branches:
Dungeon (1/1)

Altars:
Ashenzari
Cheibriados
Dithmenos
Elyvilon
Fedhas
Gozag
Hepliaklqana
Kikubaaqudgha
Makhleb
Nemelex Xobeh
Okawaru
Qazlal
Ru
Sif Muna
Trog
Uskayaw
Vehumet
Wu Jian
Xom
Yredelemnul
Zin
The Shining One
Beogh
Jiyva
Lugonu


Innate Abilities, Weirdness & Mutations

You cannot wear boots.
Your serpentine skin is tough. (AC +3)
You have supernaturally acute eyesight. (SInv)
Armour fits poorly on your strangely shaped body.
Your system is resistant to poisons. (rPois)
You cover ground very slowly.
You have a slow metabolism.
You can spit poison.


Message History

Unknown command.
You hit the rust devil.
The rust devil and Yfuroem shudder.
You kill the rust devil!
Qazlal accepts your kill.
Your Maces & Flails skill increases to level 8!
Your Shields skill increases to level 11!
Yfuroem is lightly wounded.
You block Yfuroem's attack.
GONNNNG!
You block Yfuroem's attack.
BOUMMMMG!
Unknown command.
Unknown command.
You sock Yfuroem!
Yfuroem and the quasit shudder.
Yfuroem is lightly wounded.
You kill the quasit!
Qazlal accepts your kill.
Yfuroem is lightly wounded.
Yfuroem hits you!!!
You die...

▓..[[)..▓
▓..)))..▓
▓.......▓
▓.......▓
▓.......▓
▓.......▓
▓.▓...▓.▓
▓...©.&@▓
▓▓▓▓▓▓▓▓▓


You could see Yfuroem.

Vanquished Creatures
  A dancing weapon (D)
  A sixfirhy (D)
  A rust devil (D)
  A polar bear (D)
  A tarantella (D)
  A water elemental (D)
  A water moccasin (D)
  An ice beast (D)
  2 phantoms (D)
  2 necrophages (D)
  3 scorpions (D)
  2 quasits (D)
  An adder (D)
  A white imp (D)
  An ufetubus (D)
  3 ball pythons (D)
23 creatures vanquished.

Notes
Turn   | Place    | Note
-------+----------+-------------------------------------------
     0 | D        | Arum the Naga Fighter began the quest for the Orb.
     0 | D        | Reached XP level 1. HP: 21/21 MP: 1/1
     0 | D        | Found a blossoming altar of Fedhas.
     1 | D        | Found the +6 Majin-Bo {vamp, Archmagi MP+6 Int+6}
     1 | D        | Found the +7 great mace "Firestarter" {inner flame, rF++}
    22 | D        | Found a viscous altar of Jiyva.
    22 | D        | Found a transporter.
    22 | D        | Found a hazy altar of Hepliaklqana.
    22 | D        | Found an ancient bone altar of Kikubaaqudgha.
    22 | D        | Found an opulent altar of Gozag.
    22 | D        | Found a corrupted altar of Lugonu.
    24 | D        | Found a shimmering blue altar of Sif Muna.
    24 | D        | Found a sacrificial altar of Ru.
    24 | D        | Found a bloodstained altar of Trog.
    24 | D        | Found a stormy altar of Qazlal.
    24 | D        | Found an iron altar of Okawaru.
    24 | D        | Found a sparkling altar of Nemelex Xobeh.
    26 | D        | Found a burning altar of Makhleb.
    43 | D        | Found the +9 heavy crossbow "Sniper" {velocity, Acc+∞ SInv}
    43 | D        | Found the +10 dark maul {crush}
    43 | D        | Found the +15 Maxwell's patent armour {-Cast -Tele rElec
                  | MR+ rCorr}
    43 | D        | Found the +18 shield of the Gong {rElec rN+ MR+ EV-5}
    43 | D        | Found the cursed +14 obsidian axe {chop, +Fly SInv *Curse}
    45 | D        | Found the +6 shillelagh "Devastator" {shatter}
    45 | D        | Found the +11 plutonium sword {*Contam Stlth-}
    45 | D        | Found the +8 lance "Wyrmbane" {slay drac, rPois rF+ rC+
                  | AC+3}
    45 | D        | Found the +9 sword of Zonguldrok {reap}
    45 | D        | Found the cursed +13 scythe of Curses {drain, *Curse}
    45 | D        | Found the +0 sword of Power
    45 | D        | Found the +7 mace of Variability {chain chaos}
    45 | D        | Found the +7 Singing Sword {slice, sonic wave}
    45 | D        | Found the +8 storm bow {elec, penet}
    62 | D        | Reached skill level 6 in Fighting
    62 | D        | Reached skill level 5 in Shields
    62 | D        | Reached XP level 2. HP: 33/33 MP: 2/2
    87 | D        | Became a worshipper of Qazlal Stormbringer
    96 | D        | Entered arena 2.
    96 | D        | Noticed a water elemental
    96 | D        | Noticed a +0 short sword of holy wrath
    96 | D        | Found a transporter.
    99 | D        | Killed a +0 short sword of holy wrath
    99 | D        | Reached skill level 10 in Fighting
    99 | D        | Reached XP level 3. HP: 22/49 MP: 3/3
    99 | D        | Reached XP level 4. HP: 26/56 MP: 4/4
    99 | D        | Reached XP level 5. HP: 29/63 MP: 5/5
    99 | D        | Reached XP level 6. HP: 33/72 MP: 6/6
    99 | D        | Reached XP level 7. HP: 36/79 MP: 7/7
   100 | D        | Killed a water elemental
   100 | D        | Reached skill level 5 in Maces & Flails
   290 | D        | Entered arena 3.
   290 | D        | Noticed a polar bear
   290 | D        | Found a transporter.
   293 | D        | Reached * piety under Qazlal
   293 | D        | Reached XP level 8. HP: 87/87 MP: 8/8
   296 | D        | Killed a polar bear
   306 | D        | Entered arena 4.
   306 | D        | Noticed a tarantella
   306 | D        | Found a transporter.
   310 | D        | Killed a tarantella
   310 | D        | Reached ** piety under Qazlal
   310 | D        | Reached skill level 11 in Fighting
   320 | D        | Got the ring of Conformity {Ice rPois rN+++ Str-2 Dex-4}
   333 | D        | Entered arena 5.
   333 | D        | Found a transporter.
   340 | D        | Reached *** piety under Qazlal
   351 | D        | Reached skill level 10 in Shields
   351 | D        | Reached XP level 9. HP: 96/97 MP: 9/9
   359 | D        | Entered arena 6.
   359 | D        | Found a transporter.
   362 | D        | Reached **** piety under Qazlal
   363 | D        | Reached ***** piety under Qazlal
   383 | D        | Got the amulet "Woen Kuk" {*Slow rC+++ rN+ Regen+ MP+9}
   441 | D        | Entered arena 7.
   441 | D        | Noticed Yfuroem the pandemonium lord
   441 | D        | Noticed a rust devil
   441 | D        | Noticed a sixfirhy
   442 | D        | Found the +8 demon trident "Rift" {distort, reach+}
   449 | D        | Killed a sixfirhy
   449 | D        | Reached skill level 12 in Fighting
   459 | D        | Killed a rust devil
   460 | D        | Demolished by Yfuroem the pandemonium lord

Levels and vault maps discovered:
D:        sprint_v [room_start, room_1, room_2, room_3, room_4, room_5, room_6,
          room_7, room_8, room_9, room_10, room_11, room_12, room_13, room_14,
          room_15, room_16, room_17, room_18, room_19, room_20, room_21,
          room_22, room_23, room_24, room_25, room_26, room_27]

Skill      XL: |  1  2  3  4  5  6  7  8  9 |
---------------+----------------------------+-----
Fighting       | 6 10 11 12 | 12.2
Shields        | 5 8 10 11 | 11.1
Maces & Flails | 4 5 6 8 |  8.3
Armour         | 6 7 8 9 |  9.3

Action                   |  1- 3 |  4- 6 |  7- 9 || total
-------------------------+-------+-------+-------++-------
Melee: Shillelagh        |     3 |       |    44 ||    47
  Use: Potion            |     1 |       |       ||     1
Armor: Gold dragon scale |       |       |    17 ||    17
Dodge: Dodged            |       |       |     1 ||     1
Block: Shield            |     5 |       |    73 ||    78
